 Dungeon Crawl Stone Soup version 0.19-a0-805-g0a78ef0 (webtiles) character file.

195 4thArraOfDagon the Cutter (level 5, -1/31 HPs)
             Began as an Octopode Enchanter on June 27, 2016.
             Was a Follower of Uskayaw.
             Slain by a gnoll
             ... wielding a +0 spear
              (7 damage)
             ... on level 5 of the Dungeon.
             The game lasted 00:04:31 (826 turns).

4thArraOfDagon the Cutter (Octopode Enchanter)       Turns: 826, Time: 00:04:31

Health: -1/31      AC:  1    Str: 12    XL:     5   Next: 74%
Magic:  6/8        EV: 12    Int: 18    God:    Uskayaw [*.....]
Gold:   38         SH:  0    Dex: 13    Spells: 3 memorised, 2 levels left

rFire  . . .     SeeInvis .     a - +1 dagger
rCold  . . .     Gourm    .     (no shield)
rNeg   . . .     Faith    .     (helmet restricted)
rPois  .         Spirit   .     (no amulet)
rElec  .         Dismiss  .     i - ring of stealth
rCorr  .         Reflect  .     (no ring)
SustAt .         Harm     .     (no ring)
MR     .....                    (no ring)
Stlth  +++++.....               (no ring)
                                (no ring)
                                (no ring)
                                (no ring)

@: mighty, not resistant to hostile enchantments, quite stealthy
A: almost no armour, amphibious, 8 rings, constrict 8, camouflage 1, gelatinous
body 1
a: Stomp, Renounce Religion


You were on level 5 of the Dungeon.
You worshipped Uskayaw.
Uskayaw was aware of your devotion.
You were hungry.

You visited 1 branch of the dungeon, and saw 5 of its levels.

You collected 38 gold pieces.

Inventory:

Hand Weapons
 a - a +1 dagger (weapon)
Jewellery
 i - a ring of stealth (left tentacle)
Scrolls
 e - a scroll of identify {unknown}
 g - a scroll of magic mapping {unknown}
 j - a scroll of fear {unknown}
 k - 3 scrolls of teleportation {unknown}
 m - 2 scrolls of remove curse {unknown}
 n - a scroll of noise {unknown}
Potions
 o - a potion of lignification {unknown}
Books
 b - a book of Maledictions

   Spells                             Type                      Level
   a - Corona                         Hexes                        1
   b - Ensorcelled Hibernation        Hexes/Ice                    2
   c - Confuse                        Hexes                        3
   d - Tukima's Dance                 Hexes                        3
   e - Dazzling Spray                 Conjuration/Hexes            3
Comestibles
 c - a bread ration
 h - 2 fruits
 l - 3 meat rations


   Skills:
 * Level 4.2 Short Blades
 - Level 2.0 Dodging
 - Level 4.0 Stealth
 - Level 2.0 Spellcasting
 + Level 3.6 Hexes
 - Level 2.3 Ice Magic


You had 2 spell levels left.
You knew the following spells:

 Your Spells              Type           Power        Failure   Level  Hunger
a - Corona                Hex            ##.....      4%          1    #......
b - Ensorcelled Hibernat  Hex/Ice        ##....       12%         2    ###....
c - Confuse               Hex            ##......     14%         3    ###....


Dungeon Overview and Level Annotations

Branches:
Dungeon (5/15)
 Temple: D:4-7

Altars:
Gozag
Uskayaw

Annotations:
D:3 4thArraOfDagon's ghost, weakling FoMo
D:5 Dowan; Duvessa


Innate Abilities, Weirdness & Mutations

You cannot wear most types of armour.
You are amphibious.
You can wear up to eight rings at the same time.
You can use your tentacles to constrict eight enemies at once.
Your skin changes colour to match your surroundings (Stealth+).
Your rubbery body absorbs attacks. (AC +1)


Message History

Confirm with . or Enter, or press ? or * to list all spells.
Aiming: Ensorcelled Hibernation
Press: ? - help, Shift-Dir - straight line, f - gnoll
Aim: a gnoll, wielding a spear (chance to defeat MR: 51%)
The gnoll resists with some effort.
Dowan shouts!
The gnoll hits you from afar with a spear.
* * * LOW HITPOINT WARNING * * *
Duvessa says, "When magic and the sword combine, nothing stands against them."
Unknown command.
Unknown command.
Unknown command.
Dowan mumbles some strange words.
Dowan blinks!
The gnoll misses you.
Unknown command.
It was a potion of might.
You feel very mighty all of a sudden.
Dowan casts a spell.
Dowan blinks!
The gnoll hits you with a spear!
You die...

##..# ####..########
#.............
#......ยง......
#............. ...
#............. .....
#........./... ....
########e###..## #..#
#.....##@###..## ##..#
#......g......# #....
#.............# #....
#.............# +....
#.............# #.g..
#.......<.....# #....
#..#.########'# #####..#
####.########.###.###..#
#.....#.....g.g.......


You could see Duvessa and a gnoll.

Vanquished Creatures
  An ice beast (D:5)
  A water moccasin skeleton (D:3)
  3 adders
  2 worms
  A dart slug (D:3)
  An orc (D:4)
  3 giant cockroaches (D:4)
  5 jackals
  A quokka (D:4)
  4 bats
  A giant newt (D:2)
  2 goblins
  3 rats
28 creatures vanquished.

Notes
Turn   | Place    | Note
--------------------------------------------------------------
     0 | D:1      | 4thArraOfDagon the Octopode Enchanter began the quest for the Orb.
     0 | D:1      | Reached XP level 1. HP: 11/11 MP: 3/3
    71 | D:2      | Found a hide-covered altar of Uskayaw.
    86 | D:2      | Became a worshipper of Uskayaw the Reveler
   123 | D:2      | Reached XP level 2. HP: 17/17 MP: 5/5
   123 | D:2      | Reached * piety under Uskayaw
   129 | D:2      | Learned a level 2 spell: Ensorcelled Hibernation
   135 | D:2      | Reached skill level 1 in Ice Magic
   135 | D:2      | Reached ** piety under Uskayaw
   154 | D:2      | Reached XP level 3. HP: 21/21 MP: 6/6
   313 | D:3      | Learned a level 3 spell: Confuse
   327 | D:3      | Found an opulent altar of Gozag.
   409 | D:3      | Noticed 4thArraOfDagon's ghost (weakling FoMo)
   432 | D:3      | Reached XP level 4. HP: 11/27 MP: 7/7
   584 | D:5      | Entered Level 5 of the Dungeon
   584 | D:5      | Noticed an ice beast
   603 | D:5      | Killed an ice beast
   603 | D:5      | Reached XP level 5. HP: 12/31 MP: 1/8
   819 | D:5      | Noticed Duvessa
   823 | D:5      | Noticed Dowan
   826 | D:5      | Slain by a gnoll

Vault maps used:
D:1:      scummos_arrival_gate
D:2:      overflow_temple_1_default, minivault_23, johnstein_pakellas_shop,
          uniq_iyjb
D:3:      nicolae_overflow_quartered_altars, first_bread
D:4:      minivault_14
D:5:      elyvilon_altar_3, uniq_duvessa

Skill      XL: |  1  2  3  4 |
---------------+-------------+-----
Short Blades   | 2 3 4 |  4.2
Ice Magic      | 1 2 |  2.3
Dodging        | |  2.0
Stealth        | |  4.0
Spellcasting   | |  2.0
Hexes          | |  3.6

Action                   |  1- 3 |  4- 6 || total
-------------------------+-------+-------++-------
Melee: Dagger            |    38 |    18 ||    56
       Constrict         |     6 |       ||     6
       Tentacles         |     2 |       ||     2
 Cast: Ensorcelled Hiber |       |    11 ||    11
       Confuse           |       |     1 ||     1
Invok: Stomp             |       |     1 ||     1
  Use: Potion            |       |     3 ||     3
 Stab: Sleeping          |    14 |     9 ||    23
Dodge: Dodged            |    15 |    15 ||    30
